Avalanche vs Kings
(R2)
Created - 16 janvier 2015 at 19:20
Goals
|
| Avalanche |
1 |
0 |
0 |
0 |
0 |
1 |
| Kings |
0 |
0 |
1 |
0 |
1 |
2 |
|
Shots
|
| Avalanche |
13 |
11 |
10 |
0 |
3 |
34 |
| Kings |
6 |
11 |
7 |
2 |
3 |
26 |
|
1st period
1. Avalanche , Corey Perry 25 (Michael Rupp) at 12:29
Penalties :
Maxim Talbot (Col) for Hooking (Minor) at 0:51, Ryan Smyth (Col) for Hooking (Minor) at 15:50
2nd period
No Goal
Penalties :
Kristopher Letang (LAK) for Fighting (Major) at 2:54, Michael Rupp (Col) for Fighting (Major) at 2:54, Kristopher Letang (LAK) for instigated a fight (Minor) at 2:54, Kristopher Letang (LAK) for instigated a fight (10 Minutes Misconduct) at 2:54, Tyler Myers (LAK) for Tripping (Minor) at 13:25, Jonas Hoglund (LAK) for Tripping (Minor) at 15:59
3rd period
2. Kings , Rene Bourque 14 (Brent Seabrook) at 8:33 (PP)
Penalties :
Jonas Hoglund (LAK) for Tripping (Minor) at 2:52, Ryan Smyth (Col) for Tripping (Minor) at 7:50, Michael Rupp (Col) for Hooking (Minor) at 10:19, Ryan Smyth (Col) for Slashing (Minor) at 13:11, Brenden Morrow (LAK) for Tripping (Minor) at 16:36
Overtime #1
No Goal
Penalties :
No Penalty
Shootout
Penalty Shot by Corey Perry for Avalanche - Stopped by Ondrej Pavelec
Penalty Shot by Anze Kopitar for Kings - Stopped by Jimmy Howard
Penalty Shot by Ryan Smyth for Avalanche - Stopped by Ondrej Pavelec
Penalty Shot by Michael Frolik for Kings - Shot Misses the Net
Penalty Shot by Bryan Little for Avalanche - Stopped by Ondrej Pavelec
Penalty Shot by Mikkel Boedker for Kings - Goal!
Penalties :
No Penalty
Goalie Stats
Jimmy Howard (Col), 25 saves from 26 shots - (0,962), OTL, 19-9-3, 65:00 minutes
Ondrej Pavelec (LAK), 33 saves from 34 shots - (0,971), W, 15-15-6, 65:00 minutes
Players Stats for Avalanche
Player Name G A P +/- PIM S H SB GA TA FO MP PP MP PK MP
------------------------------------------------------------------------------------
Andrew Ladd 0 0 0 0 0 1 2 0 0 0 2/3 15:24 0:06 3:46
Brian Campbell 0 0 0 0 0 1 0 0 1 0 0/0 19:54 4:44 0:00
Bryan Little 0 0 0 0 0 1 0 0 1 0 3/6 6:51 0:00 0:12
Chuck Kobasew 0 0 0 0 0 1 1 1 1 0 0/0 9:54 0:00 2:11
Corey Perry 1 0 1 1 0 4 2 0 2 0 3/3 19:32 5:11 0:00
Dave Tanabe 0 0 0 0 0 2 0 2 1 1 0/0 24:03 4:33 3:15
Drew Doughty 0 0 0 1 0 2 1 1 1 0 0/0 17:51 4:33 0:00
Dustin Byfuglien 0 0 0 0 0 6 0 0 1 0 4/9 15:57 0:06 5:11
Jack Johnson 0 0 0 0 0 3 0 3 2 0 0/0 28:31 4:44 5:24
Jason Allison 0 0 0 1 0 2 4 0 1 0 9/18 20:58 5:05 1:05
Jason Pominville 0 0 0 0 0 6 2 1 1 1 1/2 18:37 4:44 0:00
Marc Staal 0 0 0 1 0 2 1 2 0 0 0/0 21:22 0:38 5:24
Max Pacioretty 0 0 0 0 0 0 1 0 0 0 1/1 13:25 4:44 0:37
Maxim Talbot 0 0 0 0 2 0 0 0 0 0 2/8 8:24 0:00 0:00
Michael Rupp 0 1 1 0 7 0 3 0 0 0 2/3 15:44 0:00 4:04
Mike Comrie 0 0 0 0 0 1 2 0 0 0 10/17 17:10 4:44 0:00
Ryan Smyth 0 0 0 1 6 2 3 1 0 0 1/1 19:19 5:05 0:12
Shane O'Brien 0 0 0 0 0 0 0 2 0 0 0/0 18:19 0:38 3:15
Players Stats for Kings
Player Name G A P +/- PIM S H SB GA TA FO MP PP MP PK MP
------------------------------------------------------------------------------------
Anze Kopitar 0 0 0 0 0 1 2 0 0 0 12/26 24:51 5:03 3:12
Brenden Morrow 0 0 0 0 2 2 1 2 0 0 1/1 16:15 0:00 3:23
Brent Seabrook 0 1 1 -1 0 3 0 3 0 1 0/0 24:17 2:50 3:47
Brian Pothier 0 0 0 0 0 0 0 2 0 2 0/0 10:59 0:00 6:08
Cory Sarich 0 0 0 0 0 1 0 1 0 1 0/0 17:07 0:00 6:08
Hnat Domenichelli 0 0 0 0 0 0 2 0 1 1 0/0 8:20 0:00 1:28
Jonas Hoglund 0 0 0 -1 4 0 2 1 0 3 0/2 16:28 0:00 3:22
Kristopher Letang 0 0 0 0 17 2 1 1 0 1 0/0 20:03 5:49 1:51
Matt Duchene 0 0 0 -1 0 2 3 1 0 0 9/19 17:28 3:36 0:40
Michael Frolik 0 0 0 0 0 2 2 0 0 1 0/2 19:43 5:03 0:00
Mikkel Boedker 0 0 0 0 0 1 0 0 0 0 0/2 18:36 5:03 0:00
Patrick Sharp 0 0 0 -1 0 5 4 1 0 1 0/0 17:56 3:36 0:05
Pernell Karl Subban 0 0 0 -1 0 0 2 4 0 0 0/0 25:41 5:49 1:56
Randy Robitaille 0 0 0 0 0 1 0 1 0 1 5/11 10:12 0:00 5:31
Rene Bourque 1 0 1 0 0 4 0 0 1 0 1/1 17:45 3:36 0:00
Sergei Gonchar 0 0 0 0 0 0 0 2 0 0 0/0 20:38 2:50 0:00
Tyler Myers 0 0 0 0 2 0 0 2 0 0 0/0 11:16 0:00 0:00
Viktor Kozlov 0 0 0 0 0 2 1 1 0 0 5/7 12:25 0:00 2:09
3 Stars
1 - Ondrej Pavelec (LAK)
2 - Jimmy Howard (Col)
3 - Corey Perry (Col)
Power Play
Avalanche - 0 on 5 Attempt(s) - 0,00%
Kings - 1 on 5 Attempt(s) - 20,00%
Penalty Kill
Avalanche - 4 on 5 Attempt(s) - 80,00%
- Score 0 goal in Penalty Kill
Kings - 5 on 5 Attempt(s) - 100,00%
- Score 0 goal in Penalty Kill
Team Stat
Avalanche - Hits : 22 - Faceoff Wins : 38 - Blocked Shots : 13 - Penalty Minutes : 15
Kings - Hits : 20 - Faceoff Wins : 33 - Blocked Shots : 22 - Penalty Minutes : 25
Official
Referees : Kozari Steve and Peel Tim
Linesman : Jonny Murray and Brad Kovachik
Game Notes
Kristopher Letang and Michael Rupp fight to a draw at 2:54 of 2nd period
Finance
Level 1 -- Attendance: 6000 (100,00%) -- Ticket Income 450 000 $
Level 2 -- Attendance: 5000 (100,00%) -- Ticket Income 250 000 $
Level 3 -- Attendance: 1971 (98,55%) -- Ticket Income 59 130 $
Level 4 -- Attendance: 3839 (95,98%) -- Ticket Income 76 780 $
Luxury Box -- Attendance: 943 (94,30%) -- Ticket Income 127 305 $
Game was played at the Staples Center'
Total Attendance: 17753 (98,63%)
Total Ticket Income: 963 215 $
Other Income: 144 482 $
Total Income: 1 107 697 $
Avalanche
5 vs 5 Forward
Center Left Wing Right Wing Time % Phy DF OF
1 Jason Allison Ryan Smyth Corey Perry 35 1 2 2
2 Mike Comrie Michael Rupp Jason Pominville 35 1 2 2
3 Maxim Talbot Andrew Ladd Dustin Byfuglien 15 1 2 2
4 Bryan Little Max Pacioretty Chuck Kobasew 15 1 2 2
5 vs 5 Defense
Defense Defense Time % Phy DF OF
1 Jack Johnson Brian Campbell 35 1 2 2
2 Marc Staal Drew Doughty 35 1 2 2
3 Dave Tanabe Shane O'Brien 30 1 2 2
4 Jack Johnson Brian Campbell 0 1 2 2
PowerPlay Forward
Center Left Wing Right Wing Time % Phy DF OF
1 Jason Allison Ryan Smyth Corey Perry 60 1 2 2
2 Mike Comrie Max Pacioretty Jason Pominville 40 1 2 2
PowerPlay Defense
Defense Defense Time % Phy DF OF
1 Drew Doughty Dave Tanabe 60 1 2 2
2 Brian Campbell Jack Johnson 40 1 2 2
Penalty Kill 4 Players Forward
Center Wing Time % Phy DF OF
1 Dustin Byfuglien Michael Rupp 60 1 2 2
2 Andrew Ladd Chuck Kobasew 40 1 2 2
Penalty Kill 4 Players Defense
Defense Defense Time % Phy DF OF
1 Jack Johnson Marc Staal 60 1 2 2
2 Dave Tanabe Shane O'Brien 40 1 2 2
Penalty Kill - 3 Players Forward
Forward Time % Phy DF OF
1 Chuck Kobasew 60 1 2 2
2 Dustin Byfuglien 40 1 2 2
Penalty Kill - 3 Players Defense
Defense Defense Time % Phy DF OF
1 Jack Johnson Marc Staal 60 1 2 2
2 Dave Tanabe Shane O'Brien 40 1 2 2
4 vs 4 Forward
Center Wing Time % Phy DF OF
1 Corey Perry Jason Allison 60 1 2 2
2 Ryan Smyth Dustin Byfuglien 40 1 2 2
4 vs 4 Defense
Defense Defense Time % Phy DF OF
1 Jack Johnson Marc Staal 60 1 2 2
2 Dave Tanabe Drew Doughty 40 1 2 2
Last Minutes Offensive
Center Left Wing Right Wing Defense Defense
Jason Allison Ryan Smyth Corey Perry Drew Doughty Dave Tanabe
Last Minutes Defensive
Center Left Wing Right Wing Defense Defense
Mike Comrie Michael Rupp Jason Pominville Jack Johnson Marc Staal
Goaltenders
Starting : Jimmy Howard
Backup : Marty Turco
Extra Forwards
Normal : Dustin Byfuglien, Jason Pominville, Andrew Ladd - PP : Dustin Byfuglien, Jason Pominville - PK : Andrew Ladd
Extra Defensemen
Normal : Dave Tanabe, Shane O'Brien, Drew Doughty - PP : Dave Tanabe - PK : Shane O'Brien, Drew Doughty
Penalty Shots
Corey Perry, Ryan Smyth, Bryan Little, Max Pacioretty, Dave Tanabe
Kings
5 vs 5 Forward
Center Left Wing Right Wing Time % Phy DF OF
1 Anze Kopitar Mikkel Boedker Michael Frolik 40 0 1 4
2 Matt Duchene Patrick Sharp Jonas Hoglund 30 1 1 3
3 Viktor Kozlov Brenden Morrow Rene Bourque 25 1 2 2
4 Randy Robitaille Hnat Domenichelli Rene Bourque 5 1 4 0
5 vs 5 Defense
Defense Defense Time % Phy DF OF
1 Sergei Gonchar Kristopher Letang 40 1 2 2
2 Pernell Karl Subban Brent Seabrook 35 1 2 2
3 Cory Sarich Tyler Myers 20 2 2 1
4 Brian Pothier Tyler Myers 5 2 2 1
PowerPlay Forward
Center Left Wing Right Wing Time % Phy DF OF
1 Anze Kopitar Mikkel Boedker Michael Frolik 60 0 1 4
2 Matt Duchene Patrick Sharp Rene Bourque 40 0 1 4
PowerPlay Defense
Defense Defense Time % Phy DF OF
1 Pernell Karl Subban Kristopher Letang 60 0 2 3
2 Sergei Gonchar Brent Seabrook 40 0 2 3
Penalty Kill 4 Players Forward
Center Wing Time % Phy DF OF
1 Randy Robitaille Jonas Hoglund 60 0 4 1
2 Viktor Kozlov Brenden Morrow 40 0 4 1
Penalty Kill 4 Players Defense
Defense Defense Time % Phy DF OF
1 Brian Pothier Cory Sarich 60 1 4 0
2 Kristopher Letang Brent Seabrook 40 1 4 0
Penalty Kill - 3 Players Forward
Forward Time % Phy DF OF
1 Randy Robitaille 60 0 4 1
2 Anze Kopitar 40 0 4 1
Penalty Kill - 3 Players Defense
Defense Defense Time % Phy DF OF
1 Brian Pothier Cory Sarich 60 1 4 0
2 Kristopher Letang Brent Seabrook 40 1 4 0
4 vs 4 Forward
Center Wing Time % Phy DF OF
1 Anze Kopitar Brenden Morrow 60 1 2 2
2 Matt Duchene Patrick Sharp 40 1 2 2
4 vs 4 Defense
Defense Defense Time % Phy DF OF
1 Sergei Gonchar Brent Seabrook 60 1 2 2
2 Pernell Karl Subban Kristopher Letang 40 1 2 2
Last Minutes Offensive
Center Left Wing Right Wing Defense Defense
Anze Kopitar Patrick Sharp Michael Frolik Brent Seabrook Kristopher Letang
Last Minutes Defensive
Center Left Wing Right Wing Defense Defense
Anze Kopitar Patrick Sharp Jonas Hoglund Brent Seabrook Kristopher Letang
Goaltenders
Starting : Ondrej Pavelec
Backup : Ray Emery
Extra Forwards
Normal : Anze Kopitar, Patrick Sharp, Michael Frolik - PP : Brenden Morrow, Hnat Domenichelli - PK : Anze Kopitar
Extra Defensemen
Normal : Pernell Karl Subban, Kristopher Letang, Brent Seabrook - PP : Sergei Gonchar - PK : Pernell Karl Subban, Cory Sarich
Penalty Shots
Anze Kopitar, Michael Frolik, Mikkel Boedker, Patrick Sharp, Rene Bourque
% Time on Ice - Avalanche
Lines # - Real PCT - Wanted PCT - Time Play
Normal Forward
1 - 33% - 35% - 13:36
2 - 32% - 35% - 13:05
3 - 20% - 15% - 8:06
4 - 16% - 15% - 6:39
Normal Defense
1 - 36% - 35% - 14:53
2 - 35% - 35% - 14:21
3 - 29% - 30% - 12:12
4 - 0% - 0% - 0:00
PP Forward
1 - 52% - 60% - 5:11
2 - 48% - 40% - 4:44
PP Defense
1 - 52% - 60% - 5:11
2 - 48% - 40% - 4:44
PK Forward
1 - 75% - 60% - 6:28
2 - 25% - 40% - 2:11
PK Defense
1 - 62% - 60% - 5:24
2 - 38% - 40% - 3:15
PK3 Forward
1 - 0% - 60%
2 - 0% - 40%
PK3 Defense
1 - 0% - 60%
2 - 0% - 40%
44 Forward
1 - 82% - 60% - 4:07
2 - 18% - 40% - 0:53
44 Defense
1 - 51% - 60% - 2:34
2 - 49% - 40% - 2:26
Last Minute Offensive - 0:00
Last Minute Defensive - 0:00
Total
Forward - 65:00
Defense - 65:00
|
% Time on Ice - Kings
Lines # - Real PCT - Wanted PCT - Time Play
Normal Forward
1 - 38% - 40% - 15:55
2 - 26% - 30% - 10:37
3 - 25% - 25% - 10:13
4 - 11% - 5% - 4:41
Normal Defense
1 - 40% - 40% - 16:29
2 - 33% - 35% - 13:43
3 - 22% - 20% - 9:11
4 - 5% - 5% - 2:03
PP Forward
1 - 58% - 60% - 5:03
2 - 42% - 40% - 3:36
PP Defense
1 - 67% - 60% - 5:49
2 - 33% - 40% - 2:50
PK Forward
1 - 78% - 60% - 7:46
2 - 22% - 40% - 2:09
PK Defense
1 - 62% - 60% - 6:08
2 - 38% - 40% - 3:47
PK3 Forward
1 - 0% - 60%
2 - 0% - 40%
PK3 Defense
1 - 0% - 60%
2 - 0% - 40%
44 Forward
1 - 79% - 60% - 3:56
2 - 21% - 40% - 1:04
44 Defense
1 - 52% - 60% - 2:37
2 - 48% - 40% - 2:23
Last Minute Offensive - 0:00
Last Minute Defensive - 0:00
Total
Forward - 65:00
Defense - 65:00
|
Play by Play
1st period
0:01 of 1st period - Anze Kopitar wins face-off versus Jason Allison in neutral zone.
0:10 of 1st period - Slapshot by Ryan Smyth.
0:10 of 1st period - Stopped by Ondrej Pavelec without a rebound.
0:11 of 1st period - Matt Duchene wins face-off versus Mike Comrie in Kings zone.
0:20 of 1st period - Wrist shot by Patrick Sharp.
0:20 of 1st period - Stopped by Jimmy Howard without a rebound.
0:21 of 1st period - Mike Comrie wins face-off versus Matt Duchene in Avalanche zone.
0:34 of 1st period - Snap shot by Jason Pominville.
0:34 of 1st period - Shot Misses the Net.
0:36 of 1st period - Slapshot by Drew Doughty.
0:36 of 1st period - Shot Blocked by Patrick Sharp.
0:38 of 1st period - Slapshot by Marc Staal.
0:38 of 1st period - Deflect By Jason Pominville.
0:38 of 1st period - Shot Blocked by Brent Seabrook.
0:38 of 1st period - Puck is out of play.
0:39 of 1st period - Maxim Talbot wins face-off versus Viktor Kozlov in Kings zone.
0:40 of 1st period - Snap shot by Dustin Byfuglien.
0:40 of 1st period - Stopped by Ondrej Pavelec with a rebound.
0:42 of 1st period - Slapshot by Dave Tanabe.
0:42 of 1st period - Stopped by Ondrej Pavelec without a rebound.
0:43 of 1st period - Viktor Kozlov wins face-off versus Maxim Talbot in Kings zone.
0:51 of 1st period - Minor Penalty to Maxim Talbot for Hooking.
0:52 of 1st period - Dustin Byfuglien wins face-off versus Anze Kopitar in Avalanche zone.
1:00 of 1st period - Slapshot by Kristopher Letang.
1:00 of 1st period - Stopped by Jimmy Howard without a rebound.
1:01 of 1st period - Anze Kopitar wins face-off versus Dustin Byfuglien in Avalanche zone.
1:16 of 1st period - Snap shot by Anze Kopitar.
1:16 of 1st period - Shot Blocked by Marc Staal.
1:18 of 1st period - Wrist shot by Michael Frolik.
1:18 of 1st period - Stopped by Jimmy Howard with a rebound.
1:20 of 1st period - Slapshot by Pernell Karl Subban.
1:20 of 1st period - Shot Blocked by Jack Johnson.
1:22 of 1st period - Snap shot by Mikkel Boedker.
1:22 of 1st period - Stopped by Jimmy Howard without a rebound.
1:23 of 1st period - Matt Duchene wins face-off versus Dustin Byfuglien in Avalanche zone.
2:04 of 1st period - Snap shot by Michael Frolik.
2:04 of 1st period - Shot Blocked by Jack Johnson.
2:51 of 1st period - Penalty to Maxim Talbot is over, Maxim Talbot is back on ice.
3:01 of 1st period - Slapshot by Hnat Domenichelli.
3:01 of 1st period - Shot Blocked by Shane O'Brien.
3:15 of 1st period - Shane O'Brien is hit by Jonas Hoglund and loses puck.
3:42 of 1st period - Wrist shot by Corey Perry.
3:42 of 1st period - Deflect By Jason Allison.
3:42 of 1st period - Stopped by Ondrej Pavelec without a rebound.
3:43 of 1st period - Rene Bourque wins face-off versus Jason Allison in Kings zone.
4:02 of 1st period - Bryan Little is hit by Anze Kopitar and loses puck.
4:25 of 1st period - Snap shot by Matt Duchene.
4:25 of 1st period - Shot Blocked by Jack Johnson.
4:54 of 1st period - Icing by Corey Perry.
4:55 of 1st period - Viktor Kozlov wins face-off versus Maxim Talbot in Avalanche zone.
5:00 of 1st period - Backhand shot by Rene Bourque.
5:00 of 1st period - Deflect By Andrew Ladd.
5:00 of 1st period - Shot Misses the Net.
5:00 of 1st period - Puck is out of play.
5:01 of 1st period - Anze Kopitar wins face-off versus Maxim Talbot in Avalanche zone.
5:06 of 1st period - Wrist shot by Mikkel Boedker.
5:06 of 1st period - Shot Blocked by Dave Tanabe.
5:16 of 1st period - Snap shot by Maxim Talbot.
5:16 of 1st period - Shot Blocked by Kristopher Letang.
5:18 of 1st period - Slapshot by Dave Tanabe.
5:18 of 1st period - Shot Misses the Net.
5:28 of 1st period - Slapshot by Dustin Byfuglien.
5:28 of 1st period - Stopped by Ondrej Pavelec with a rebound.
5:38 of 1st period - Slapshot by Drew Doughty.
5:38 of 1st period - Deflect By Anze Kopitar.
5:38 of 1st period - Stopped by Ondrej Pavelec with a rebound.
6:08 of 1st period - Wrist shot by Dustin Byfuglien.
6:08 of 1st period - Stopped by Ondrej Pavelec without a rebound.
6:09 of 1st period - Matt Duchene wins face-off versus Mike Comrie in Kings zone.
6:45 of 1st period - Jason Allison is hit by Viktor Kozlov and loses puck.
7:20 of 1st period - Tyler Myers is hit by Michael Rupp and loses puck.
8:26 of 1st period - Drew Doughty is hit by Pernell Karl Subban and loses puck.
10:10 of 1st period - Icing by Drew Doughty.
10:11 of 1st period - Randy Robitaille wins face-off versus Maxim Talbot in Avalanche zone.
10:42 of 1st period - Wrist shot by Dustin Byfuglien.
10:42 of 1st period - Stopped by Ondrej Pavelec with a rebound.
10:44 of 1st period - Slapshot by Maxim Talbot.
10:44 of 1st period - Shot Blocked by Pernell Karl Subban.
11:06 of 1st period - Wrist shot by Dustin Byfuglien.
11:06 of 1st period - Stopped by Ondrej Pavelec without a rebound.
11:07 of 1st period - Mike Comrie wins face-off versus Matt Duchene in Kings zone.
11:22 of 1st period - Snap shot by Mike Comrie.
11:22 of 1st period - Shot Blocked by Matt Duchene.
11:37 of 1st period - Viktor Kozlov is hit by Ryan Smyth and loses puck.
12:14 of 1st period - Mikkel Boedker is hit by Jason Pominville and loses puck.
12:29 of 1st period - Slapshot by Corey Perry.
12:29 of 1st period - Goal by Corey Perry - Avalanche : 1 - Kings : 0.
12:30 of 1st period - Michael Rupp wins face-off versus Anze Kopitar in neutral zone.
12:40 of 1st period - Michael Rupp is hit by Kristopher Letang and loses puck.
12:57 of 1st period - Sergei Gonchar is hit by Corey Perry.
13:27 of 1st period - Wrist shot by Brenden Morrow.
13:27 of 1st period - Stopped by Jimmy Howard with a rebound.
13:45 of 1st period - Wrist shot by Maxim Talbot.
13:45 of 1st period - Shot Misses the Net.
14:35 of 1st period - Snap shot by Corey Perry.
14:35 of 1st period - Deflect By Viktor Kozlov.
14:35 of 1st period - Shot Blocked by Cory Sarich.
14:35 of 1st period - Puck is out of play.
14:36 of 1st period - Viktor Kozlov wins face-off versus Bryan Little in Kings zone.
14:52 of 1st period - Wrist shot by Chuck Kobasew.
14:52 of 1st period - Stopped by Ondrej Pavelec without a rebound.
14:53 of 1st period - Mike Comrie wins face-off versus Michael Frolik in Kings zone.
15:31 of 1st period - Icing by Brian Campbell.
15:32 of 1st period - Brenden Morrow wins face-off versus Jason Allison in Avalanche zone.
15:41 of 1st period - Snap shot by Brenden Morrow.
15:41 of 1st period - Shot Misses the Net.
15:50 of 1st period - Minor Penalty to Ryan Smyth for Hooking.
15:51 of 1st period - Anze Kopitar wins face-off versus Dustin Byfuglien in Avalanche zone.
15:51 of 1st period - Snap shot by Mikkel Boedker.
15:51 of 1st period - Shot Misses the Net.
16:31 of 1st period - Icing by Pernell Karl Subban.
16:32 of 1st period - Michael Rupp wins face-off versus Matt Duchene in Kings zone.
17:50 of 1st period - Penalty to Ryan Smyth is over, Ryan Smyth is back on ice.
18:14 of 1st period - Slapshot by Jason Allison.
18:14 of 1st period - Stopped by Ondrej Pavelec without a rebound.
18:15 of 1st period - Bryan Little wins face-off versus Randy Robitaille in Kings zone.
18:16 of 1st period - Slapshot by Chuck Kobasew.
18:16 of 1st period - Deflect By Bryan Little.
18:16 of 1st period - Stopped by Ondrej Pavelec without a rebound.
18:17 of 1st period - Bryan Little wins face-off versus Randy Robitaille in Kings zone.
18:20 of 1st period - Wrist shot by Bryan Little.
18:20 of 1st period - Shot Blocked by Tyler Myers.
18:28 of 1st period - Snap shot by Bryan Little.
18:28 of 1st period - Shot Misses the Net.
19:25 of 1st period - Snap shot by Patrick Sharp.
19:25 of 1st period - Stopped by Jimmy Howard without a rebound.
19:26 of 1st period - Bryan Little wins face-off versus Matt Duchene in Avalanche zone.
19:32 of 1st period - Off-side.
19:33 of 1st period - Anze Kopitar wins face-off versus Jason Pominville in neutral zone.
Goals for this period are 1 for Avalanche vs 0 for Kings.
Shots for this period are 13 for Avalanche vs 6 for Kings.
2nd period
0:01 of 2nd period - Mike Comrie wins face-off versus Mikkel Boedker in neutral zone.
0:17 of 2nd period - Snap shot by Kristopher Letang.
0:17 of 2nd period - Deflect By Marc Staal.
0:17 of 2nd period - Stopped by Jimmy Howard with a rebound.
0:27 of 2nd period - Kristopher Letang is hit by Jason Allison and loses puck.
0:43 of 2nd period - Icing by Marc Staal.
0:44 of 2nd period - Viktor Kozlov wins face-off versus Maxim Talbot in Avalanche zone.
0:55 of 2nd period - Snap shot by Viktor Kozlov.
0:55 of 2nd period - Stopped by Jimmy Howard with a rebound.
1:52 of 2nd period - Icing by Drew Doughty.
1:53 of 2nd period - Viktor Kozlov wins face-off versus Bryan Little in Avalanche zone.
2:18 of 2nd period - Mike Comrie is hit by Patrick Sharp and loses puck.
2:41 of 2nd period - Snap shot by Jonas Hoglund.
2:41 of 2nd period - Deflect By Mikkel Boedker.
2:41 of 2nd period - Shot Misses the Net.
2:41 of 2nd period - Puck is out of play.
2:42 of 2nd period - Jason Allison wins face-off versus Anze Kopitar in Avalanche zone.
2:51 of 2nd period - Snap shot by Corey Perry.
2:51 of 2nd period - Stopped by Ondrej Pavelec without a rebound.
2:52 of 2nd period - Mike Comrie wins face-off versus Michael Frolik in Kings zone.
2:53 of 2nd period - Snap shot by Jason Pominville.
2:53 of 2nd period - Shot Blocked by Sergei Gonchar.
2:54 of 2nd period - Kristopher Letang and Michael Rupp fight to a draw.
2:54 of 2nd period - Penalty to Kristopher Letang for Fighting.
2:54 of 2nd period - Penalty to Michael Rupp for Fighting.
2:54 of 2nd period - Penalty to Kristopher Letang for instigated a fight.
2:54 of 2nd period - Penalty to Kristopher Letang for instigated a fight.
2:55 of 2nd period - Ryan Smyth wins face-off versus Randy Robitaille in Kings zone.
2:58 of 2nd period - Wrist shot by Corey Perry.
2:58 of 2nd period - Shot Blocked by Jonas Hoglund.
3:00 of 2nd period - Slapshot by Drew Doughty.
3:00 of 2nd period - Stopped by Ondrej Pavelec with a rebound.
3:28 of 2nd period - Slapshot by Jason Pominville.
3:28 of 2nd period - Stopped by Ondrej Pavelec without a rebound.
3:29 of 2nd period - Max Pacioretty wins face-off versus Jonas Hoglund in Kings zone.
4:05 of 2nd period - Snap shot by Mike Comrie.
4:05 of 2nd period - Shot Misses the Net.
4:07 of 2nd period - Wrist shot by Max Pacioretty.
4:07 of 2nd period - Shot Blocked by Brenden Morrow.
4:09 of 2nd period - Wrist shot by Jason Pominville.
4:09 of 2nd period - Stopped by Ondrej Pavelec with a rebound.
4:11 of 2nd period - Snap shot by Jason Pominville.
4:11 of 2nd period - Stopped by Ondrej Pavelec with a rebound.
4:13 of 2nd period - Wrist shot by Mike Comrie.
4:13 of 2nd period - Shot Blocked by Pernell Karl Subban.
4:54 of 2nd period - Penalty to Kristopher Letang is over, Rene Bourque is send on ice.
4:56 of 2nd period - Rene Bourque is hit by Jason Allison.
5:02 of 2nd period - Brian Campbell is hit by Hnat Domenichelli and loses puck.
5:29 of 2nd period - Slapshot by Brian Campbell.
5:29 of 2nd period - Shot Blocked by Brent Seabrook.
5:35 of 2nd period - Backhand shot by Brent Seabrook.
5:35 of 2nd period - Stopped by Jimmy Howard with a rebound.
5:37 of 2nd period - Snap shot by Rene Bourque.
5:37 of 2nd period - Stopped by Jimmy Howard without a rebound.
5:38 of 2nd period - Matt Duchene wins face-off versus Maxim Talbot in Avalanche zone.
5:45 of 2nd period - Slapshot by Matt Duchene.
5:45 of 2nd period - Shot Misses the Net.
7:06 of 2nd period - Icing by Jason Pominville.
7:07 of 2nd period - Randy Robitaille wins face-off versus Mike Comrie in Avalanche zone.
7:56 of 2nd period - Snap shot by Dustin Byfuglien.
7:56 of 2nd period - Shot Misses the Net.
7:58 of 2nd period - Snap shot by Marc Staal.
7:58 of 2nd period - Stopped by Ondrej Pavelec with a rebound.
8:00 of 2nd period - Wrist shot by Maxim Talbot.
8:00 of 2nd period - Shot Blocked by Tyler Myers.
9:04 of 2nd period - Maxim Talbot is hit by Jonas Hoglund and loses puck.
9:34 of 2nd period - Brenden Morrow is hit by Jason Allison and loses puck.
9:51 of 2nd period - Max Pacioretty is hit by Matt Duchene and loses puck.
10:16 of 2nd period - Jason Pominville is hit by Hnat Domenichelli.
10:33 of 2nd period - Matt Duchene is hit by Jason Allison and loses puck.
11:00 of 2nd period - Anze Kopitar is hit by Chuck Kobasew and loses puck.
11:22 of 2nd period - Randy Robitaille is hit by Michael Rupp and loses puck.
12:02 of 2nd period - Slapshot by Brenden Morrow.
12:02 of 2nd period - Stopped by Jimmy Howard without a rebound.
12:03 of 2nd period - Mike Comrie wins face-off versus Viktor Kozlov in Avalanche zone.
12:28 of 2nd period - Snap shot by Bryan Little.
12:28 of 2nd period - Deflect By Max Pacioretty.
12:28 of 2nd period - Shot Blocked by Pernell Karl Subban.
12:28 of 2nd period - Puck is out of play.
12:29 of 2nd period - Matt Duchene wins face-off versus Bryan Little in Kings zone.
12:56 of 2nd period - Mike Comrie is hit by Anze Kopitar and loses puck.
13:01 of 2nd period - Snap shot by Mikkel Boedker.
13:01 of 2nd period - Shot Misses the Net.
13:03 of 2nd period - Slapshot by Michael Frolik.
13:03 of 2nd period - Shot Blocked by Marc Staal.
13:05 of 2nd period - Wrist shot by Anze Kopitar.
13:05 of 2nd period - Shot Misses the Net.
13:07 of 2nd period - Slapshot by Cory Sarich.
13:07 of 2nd period - Shot Blocked by Drew Doughty.
13:23 of 2nd period - Snap shot by Ryan Smyth.
13:23 of 2nd period - Shot Blocked by Brenden Morrow.
13:25 of 2nd period - Minor Penalty to Tyler Myers for Tripping.
13:26 of 2nd period - Jason Allison wins face-off versus Jonas Hoglund in Kings zone.
13:33 of 2nd period - Snap shot by Corey Perry.
13:33 of 2nd period - Shot Blocked by Randy Robitaille.
13:55 of 2nd period - Backhand shot by Jack Johnson.
13:55 of 2nd period - Stopped by Ondrej Pavelec with a rebound.
13:57 of 2nd period - Slapshot by Brian Campbell.
13:57 of 2nd period - Stopped by Ondrej Pavelec without a rebound.
13:58 of 2nd period - Jason Allison wins face-off versus Randy Robitaille in Kings zone.
14:23 of 2nd period - Max Pacioretty is hit by Brenden Morrow and loses puck.
14:36 of 2nd period - Snap shot by Viktor Kozlov.
14:36 of 2nd period - Stopped by Jimmy Howard without a rebound.
14:37 of 2nd period - Randy Robitaille wins face-off versus Jason Allison in Avalanche zone.
15:25 of 2nd period - Penalty to Tyler Myers is over, Tyler Myers is back on ice.
15:33 of 2nd period - Wrist shot by Michael Frolik.
15:33 of 2nd period - Stopped by Jimmy Howard with a rebound.
15:40 of 2nd period - Icing by Dustin Byfuglien.
15:41 of 2nd period - Maxim Talbot wins face-off versus Mikkel Boedker in Avalanche zone.
15:41 of 2nd period - Maxim Talbot is hit by Pernell Karl Subban.
15:49 of 2nd period - Snap shot by Drew Doughty.
15:49 of 2nd period - Shot Misses the Net.
15:51 of 2nd period - Snap shot by Dustin Byfuglien.
15:51 of 2nd period - Shot Misses the Net.
15:55 of 2nd period - Snap shot by Andrew Ladd.
15:55 of 2nd period - Stopped by Ondrej Pavelec without a rebound.
15:56 of 2nd period - Matt Duchene wins face-off versus Mike Comrie in Kings zone.
15:56 of 2nd period - Matt Duchene is hit by Jason Pominville.
15:59 of 2nd period - Minor Penalty to Jonas Hoglund for Tripping.
16:00 of 2nd period - Jason Allison wins face-off versus Randy Robitaille in Kings zone.
16:32 of 2nd period - Slapshot by Jason Pominville.
16:32 of 2nd period - Stopped by Ondrej Pavelec with a rebound.
17:17 of 2nd period - Icing by Drew Doughty.
17:18 of 2nd period - Matt Duchene wins face-off versus Mike Comrie in Avalanche zone.
17:19 of 2nd period - Snap shot by Brenden Morrow.
17:19 of 2nd period - Shot Blocked by Jason Pominville.
17:21 of 2nd period - Slapshot by Cory Sarich.
17:21 of 2nd period - Stopped by Jimmy Howard without a rebound.
17:22 of 2nd period - Matt Duchene wins face-off versus Jason Allison in Avalanche zone.
17:23 of 2nd period - Wrist shot by Brenden Morrow.
17:23 of 2nd period - Shot Misses the Net.
17:26 of 2nd period - Icing by Jason Allison.
17:27 of 2nd period - Randy Robitaille wins face-off versus Jason Allison in Avalanche zone.
17:28 of 2nd period - Snap shot by Anze Kopitar.
17:28 of 2nd period - Deflect By Randy Robitaille.
17:28 of 2nd period - Stopped by Jimmy Howard with a rebound.
17:38 of 2nd period - Brian Pothier is hit by Ryan Smyth and loses puck.
17:54 of 2nd period - 10 Minutes Misconduct Penalty to Kristopher Letang is over.
17:59 of 2nd period - Penalty to Jonas Hoglund is over, Jonas Hoglund is back on ice.
18:16 of 2nd period - Slapshot by Jack Johnson.
18:16 of 2nd period - Stopped by Ondrej Pavelec with a rebound.
18:32 of 2nd period - Snap shot by Viktor Kozlov.
18:32 of 2nd period - Shot Misses the Net.
19:00 of 2nd period - Wrist shot by Rene Bourque.
19:00 of 2nd period - Stopped by Jimmy Howard without a rebound.
19:01 of 2nd period - Anze Kopitar wins face-off versus Jason Allison in Avalanche zone.
19:02 of 2nd period - Snap shot by Mikkel Boedker.
19:02 of 2nd period - Shot Blocked by Ryan Smyth.
19:04 of 2nd period - Snap shot by Brent Seabrook.
19:04 of 2nd period - Shot Misses the Net.
19:06 of 2nd period - Wrist shot by Brent Seabrook.
19:06 of 2nd period - Deflect By Corey Perry.
19:06 of 2nd period - Stopped by Jimmy Howard without a rebound.
19:07 of 2nd period - Jason Allison wins face-off versus Anze Kopitar in Avalanche zone.
19:16 of 2nd period - Snap shot by Anze Kopitar.
19:16 of 2nd period - Shot Misses the Net.
19:18 of 2nd period - Snap shot by Michael Frolik.
19:18 of 2nd period - Shot Blocked by Shane O'Brien.
19:20 of 2nd period - Wrist shot by Mikkel Boedker.
19:20 of 2nd period - Deflect By Michael Frolik.
19:20 of 2nd period - Shot Misses the Net.
19:20 of 2nd period - Puck is out of play.
19:21 of 2nd period - Anze Kopitar wins face-off versus Jason Allison in Avalanche zone.
Goals for this period are 0 for Avalanche vs 0 for Kings.
Shots for this period are 11 for Avalanche vs 11 for Kings.
3rd period
0:01 of 3rd period - Jason Allison wins face-off versus Anze Kopitar in neutral zone.
0:38 of 3rd period - Wrist shot by Patrick Sharp.
0:38 of 3rd period - Stopped by Jimmy Howard with a rebound.
0:40 of 3rd period - Wrist shot by Matt Duchene.
0:40 of 3rd period - Stopped by Jimmy Howard with a rebound.
0:54 of 3rd period - Rene Bourque is hit by Mike Comrie and loses puck.
1:44 of 3rd period - Chuck Kobasew is hit by Patrick Sharp and loses puck.
2:52 of 3rd period - Minor Penalty to Jonas Hoglund for Tripping.
2:53 of 3rd period - Anze Kopitar wins face-off versus Jason Allison in Kings zone.
4:52 of 3rd period - Penalty to Jonas Hoglund is over, Jonas Hoglund is back on ice.
5:08 of 3rd period - Brian Pothier is hit by Andrew Ladd.
5:29 of 3rd period - Dustin Byfuglien is hit by Matt Duchene and loses puck.
5:36 of 3rd period - Kristopher Letang is hit by Marc Staal.
5:49 of 3rd period - Snap shot by Dustin Byfuglien.
5:49 of 3rd period - Shot Misses the Net.
5:51 of 3rd period - Snap shot by Andrew Ladd.
5:51 of 3rd period - Shot Misses the Net.
6:05 of 3rd period - Pernell Karl Subban is hit by Andrew Ladd and loses puck.
6:12 of 3rd period - Snap shot by Maxim Talbot.
6:12 of 3rd period - Shot Blocked by Brent Seabrook.
6:14 of 3rd period - Slapshot by Jack Johnson.
6:14 of 3rd period - Deflect By Patrick Sharp.
6:14 of 3rd period - Stopped by Ondrej Pavelec with a rebound.
6:16 of 3rd period - Slapshot by Dave Tanabe.
6:16 of 3rd period - Stopped by Ondrej Pavelec without a rebound.
6:17 of 3rd period - Mike Comrie wins face-off versus Anze Kopitar in Kings zone.
6:30 of 3rd period - Backhand shot by Jason Pominville.
6:30 of 3rd period - Stopped by Ondrej Pavelec with a rebound.
6:42 of 3rd period - Cory Sarich is hit by Max Pacioretty and loses puck.
7:05 of 3rd period - Randy Robitaille is hit by Corey Perry and loses puck.
7:12 of 3rd period - Wrist shot by Ryan Smyth.
7:12 of 3rd period - Deflect By Corey Perry.
7:12 of 3rd period - Stopped by Ondrej Pavelec without a rebound.
7:13 of 3rd period - Mike Comrie wins face-off versus Anze Kopitar in Kings zone.
7:14 of 3rd period - Snap shot by Michael Rupp.
7:14 of 3rd period - Shot Misses the Net.
7:47 of 3rd period - Slapshot by Brent Seabrook.
7:47 of 3rd period - Stopped by Jimmy Howard without a rebound.
7:48 of 3rd period - Jason Allison wins face-off versus Anze Kopitar in Avalanche zone.
7:50 of 3rd period - Minor Penalty to Ryan Smyth for Tripping.
7:51 of 3rd period - Dustin Byfuglien wins face-off versus Anze Kopitar in Avalanche zone.
8:29 of 3rd period - Snap shot by Michael Frolik.
8:29 of 3rd period - Deflect By Chuck Kobasew.
8:29 of 3rd period - Shot Misses the Net.
8:29 of 3rd period - Puck is out of play.
8:30 of 3rd period - Andrew Ladd wins face-off versus Matt Duchene in Avalanche zone.
8:33 of 3rd period - Wrist shot by Rene Bourque.
8:33 of 3rd period - Goal by Rene Bourque - Avalanche : 1 - Kings : 1.
8:34 of 3rd period - Jason Allison wins face-off versus Matt Duchene in neutral zone.
8:43 of 3rd period - Snap shot by Ryan Smyth.
8:43 of 3rd period - Shot Misses the Net.
9:07 of 3rd period - Snap shot by Ryan Smyth.
9:07 of 3rd period - Stopped by Ondrej Pavelec with a rebound.
9:09 of 3rd period - Wrist shot by Corey Perry.
9:09 of 3rd period - Shot Blocked by Sergei Gonchar.
9:42 of 3rd period - Snap shot by Ryan Smyth.
9:42 of 3rd period - Shot Misses the Net.
9:52 of 3rd period - Snap shot by Corey Perry.
9:52 of 3rd period - Stopped by Ondrej Pavelec without a rebound.
9:53 of 3rd period - Mike Comrie wins face-off versus Matt Duchene in Kings zone.
9:54 of 3rd period - Snap shot by Jason Pominville.
9:54 of 3rd period - Shot Blocked by Pernell Karl Subban.
9:56 of 3rd period - Snap shot by Jason Pominville.
9:56 of 3rd period - Deflect By Brent Seabrook.
9:56 of 3rd period - Stopped by Ondrej Pavelec without a rebound.
9:57 of 3rd period - Matt Duchene wins face-off versus Mike Comrie in Kings zone.
9:57 of 3rd period - Matt Duchene is hit by Mike Comrie.
10:19 of 3rd period - Minor Penalty to Michael Rupp for Hooking.
10:20 of 3rd period - Dustin Byfuglien wins face-off versus Anze Kopitar in Avalanche zone.
10:20 of 3rd period - Dustin Byfuglien is hit by Michael Frolik.
10:30 of 3rd period - Wrist shot by Michael Frolik.
10:30 of 3rd period - Shot Misses the Net.
10:34 of 3rd period - Snap shot by Anze Kopitar.
10:34 of 3rd period - Stopped by Jimmy Howard without a rebound.
10:35 of 3rd period - Anze Kopitar wins face-off versus Dustin Byfuglien in Avalanche zone.
12:19 of 3rd period - Penalty to Michael Rupp is over, Michael Rupp is back on ice.
12:29 of 3rd period - Snap shot by Mike Comrie.
12:29 of 3rd period - Stopped by Ondrej Pavelec with a rebound.
12:39 of 3rd period - Icing by Michael Rupp.
12:40 of 3rd period - Randy Robitaille wins face-off versus Mike Comrie in Avalanche zone.
13:11 of 3rd period - Minor Penalty to Ryan Smyth for Slashing.
13:12 of 3rd period - Anze Kopitar wins face-off versus Michael Rupp in Avalanche zone.
13:25 of 3rd period - Snap shot by Dustin Byfuglien.
13:25 of 3rd period - Shot Misses the Net.
13:27 of 3rd period - Snap shot by Marc Staal.
13:27 of 3rd period - Deflect By Dustin Byfuglien.
13:27 of 3rd period - Stopped by Ondrej Pavelec without a rebound.
13:28 of 3rd period - Anze Kopitar wins face-off versus Dustin Byfuglien in Kings zone.
13:47 of 3rd period - Anze Kopitar is hit by Michael Rupp.
14:05 of 3rd period - Wrist shot by Patrick Sharp.
14:05 of 3rd period - Shot Blocked by Dave Tanabe.
14:07 of 3rd period - Slapshot by Matt Duchene.
14:07 of 3rd period - Stopped by Jimmy Howard with a rebound.
14:09 of 3rd period - Slapshot by Kristopher Letang.
14:09 of 3rd period - Deflect By Rene Bourque.
14:09 of 3rd period - Stopped by Jimmy Howard without a rebound.
14:10 of 3rd period - Dustin Byfuglien wins face-off versus Anze Kopitar in Avalanche zone.
14:53 of 3rd period - Dave Tanabe is hit by Michael Frolik and loses puck.
15:05 of 3rd period - Icing by Matt Duchene.
15:06 of 3rd period - Andrew Ladd wins face-off versus Matt Duchene in Kings zone.
15:11 of 3rd period - Penalty to Ryan Smyth is over, Ryan Smyth is back on ice.
15:39 of 3rd period - Snap shot by Patrick Sharp.
15:39 of 3rd period - Shot Blocked by Chuck Kobasew.
15:49 of 3rd period - Slapshot by Marc Staal.
15:49 of 3rd period - Stopped by Ondrej Pavelec without a rebound.
15:50 of 3rd period - Mike Comrie wins face-off versus Anze Kopitar in Kings zone.
16:36 of 3rd period - Minor Penalty to Brenden Morrow for Tripping.
16:37 of 3rd period - Jason Allison wins face-off versus Randy Robitaille in Kings zone.
17:07 of 3rd period - Slapshot by Brian Campbell.
17:07 of 3rd period - Shot Blocked by Brian Pothier.
17:09 of 3rd period - Slapshot by Jack Johnson.
17:09 of 3rd period - Shot Blocked by Viktor Kozlov.
17:11 of 3rd period - Snap shot by Jason Pominville.
17:11 of 3rd period - Shot Blocked by Brian Pothier.
17:21 of 3rd period - Anze Kopitar is hit by Ryan Smyth and loses puck.
18:36 of 3rd period - Penalty to Brenden Morrow is over, Brenden Morrow is back on ice.
18:51 of 3rd period - Michael Rupp is hit by Matt Duchene and loses puck.
19:26 of 3rd period - Michael Frolik is hit by Drew Doughty.
19:44 of 3rd period - Icing by Chuck Kobasew.
19:45 of 3rd period - Anze Kopitar wins face-off versus Andrew Ladd in Avalanche zone.
Goals for this period are 0 for Avalanche vs 1 for Kings.
Shots for this period are 10 for Avalanche vs 7 for Kings.
Overtime #1
0:01 of 1st overtime period - Corey Perry wins face-off versus Anze Kopitar in neutral zone.
0:04 of 1st overtime period - Slapshot by Marc Staal.
0:04 of 1st overtime period - Shot Misses the Net.
0:45 of 1st overtime period - Jason Pominville is hit by Patrick Sharp and loses puck.
1:38 of 1st overtime period - Slapshot by Patrick Sharp.
1:38 of 1st overtime period - Stopped by Jimmy Howard without a rebound.
1:39 of 1st overtime period - Corey Perry wins face-off versus Anze Kopitar in Avalanche zone.
3:05 of 1st overtime period - Jason Allison is hit by Patrick Sharp and loses puck.
4:02 of 1st overtime period - Icing by Brent Seabrook.
4:03 of 1st overtime period - Jason Pominville wins face-off versus Matt Duchene in Kings zone.
4:34 of 1st overtime period - Slapshot by Brent Seabrook.
4:34 of 1st overtime period - Shot Misses the Net.
4:36 of 1st overtime period - Wrist shot by Patrick Sharp.
4:36 of 1st overtime period - Stopped by Jimmy Howard without a rebound.
4:37 of 1st overtime period - Corey Perry wins face-off versus Matt Duchene in Avalanche zone.
Goals for this period are 0 for Avalanche vs 0 for Kings.
Shots for this period are 0 for Avalanche vs 2 for Kings.
ShootOut
5:00 of 1st overtime period - Penalty Shot by Corey Perry for Avalanche.
5:00 of 1st overtime period - Snap shot by Corey Perry.
5:00 of 1st overtime period - Stopped by Ondrej Pavelec.
5:00 of 1st overtime period - Penalty Shot by Anze Kopitar for Kings.
5:00 of 1st overtime period - Deke by Anze Kopitar.
5:00 of 1st overtime period - Stopped by Jimmy Howard.
5:00 of 1st overtime period - Penalty Shot by Ryan Smyth for Avalanche.
5:00 of 1st overtime period - Deke by Ryan Smyth.
5:00 of 1st overtime period - Stopped by Ondrej Pavelec.
5:00 of 1st overtime period - Penalty Shot by Michael Frolik for Kings.
5:00 of 1st overtime period - Snap shot by Michael Frolik.
5:00 of 1st overtime period - Shot Misses the Net.
5:00 of 1st overtime period - Penalty Shot by Bryan Little for Avalanche.
5:00 of 1st overtime period - Deke by Bryan Little.
5:00 of 1st overtime period - Stopped by Ondrej Pavelec.
5:00 of 1st overtime period - Penalty Shot by Mikkel Boedker for Kings.
5:00 of 1st overtime period - Wrist shot by Mikkel Boedker.
5:00 of 1st overtime period - Goal by Mikkel Boedker.
Output by the SimonT Hockey Simulator (STHS) for François Prévost -- Original Page W3C XHTML 1.0 Valid